AoeStats
← Cristoram

Four Lakes

509756935Analyzed
1v1 RM · 4d ago on Sep 27, 2026· 23m 38s· 2 players
Game mode
Random Map
Map size
Tiny (2 player)
Population
200
Speed
Normal
Resources
Standard
Victory
Conquest
Starting age
Dark Age
Ending age
Imperial Age
RankedLock teamsTeams togetherTeam positionsShared explorationLock speedFull tech treeHidden civsTurbo modeCheats
Victory
Defeat
🇨🇴 Spanish · Colombia
1607
+13
🇨🇱 Japanese · Chile
1546
-13
JineteSable
9:46 Feudal Age
10:14 Double-Bit Axe
11:35 Man-at-Arms
20:40 Castle Age
18:34 Horse Collar
18:45 Gold Mining
20:40 Fletching
21:08 Padded Archer Armor
Cristoram
10:19 Feudal Age
8:37 Loom
10:23 Feudal Age
15:11 Castle Age
13:44 Fishing Lines
14:10 Double-Bit Axe
16:12 Bow Saw
20:57 Gillnets
Connection lost

Rejoining the realm…

Still unreachable

The connection could not be restored.

Session expired

The server has moved on; the page needs a fresh start.